 Dungeon Crawl Stone Soup version 0.18-a0-1554-g49b38aa (webtiles) character file.

360 Oddball22 the Stinger (level 6, -2/36 HPs)
             Began as an Octopode Venom Mage on Mar 12, 2016.
             Slain by a sky beast (4 damage)
             ... on level 5 of the Dungeon.
             The game lasted 00:09:44 (4622 turns).

Oddball22 the Stinger (Octopode Venom Mage)         Turns: 4622, Time: 00:09:44

Health: -2/36      AC:  1    Str:  8    XL:     6   Next: 65%
Magic:  10/10      EV:  7    Int: 19    God:
Gold:   183        SH:  0    Dex: 12    Spells: 4 memorised, 1 level left

rFire  . . .     SeeInvis .     l - +1 dagger (venom)
rCold  . . .     Gourm    .     (no shield)
rNeg   . . .     Faith    +     (helmet restricted)
rPois  .         Spirit   .     g - amulet of faith
rElec  .         Dismiss  .     (no ring)
rCorr  .         Reflect  .     (no ring)
SustAt .         Harm     .     (no ring)
MR     .....                    (no ring)
Stlth  +++.......               (no ring)
                                (no ring)
                                (no ring)
                                (no ring)

@: very slightly contaminated, hasted, very quick, not resistant to hostile
enchantments, fairly stealthy
A: almost no armour, amphibious, 8 rings, constrict 8, camouflage 1, gelatinous
body 1
a: no special abilities


You were on level 5 of the Dungeon.
You were not hungry.

You visited 1 branch of the dungeon, and saw 5 of its levels.

You collected 183 gold pieces.

Inventory:

Hand Weapons
 c - a +3 spear of freezing
 e - a +0 flail of draining
 l - a +1 dagger of venom (weapon)
Missiles
 k - 17 poisoned needles
Jewellery
 g - an amulet of faith (around mantle)
Scrolls
 f - 5 scrolls of remove curse {unknown}
 m - a scroll of enchant weapon {unknown}
 n - a scroll of noise {unknown}
 o - a scroll of teleportation {unknown}
 p - a scroll of magic mapping {unknown}
 r - a scroll of recharging {unknown}
 s - a scroll of fog {unknown}
 u - a scroll of blinking {unknown}
 w - a scroll of identify
Potions
 d - 3 potions of agility
 i - a potion of might {unknown}
 j - a potion of ambrosia {unknown}
 x - a potion of heal wounds {unknown}
Books
 a - a Young Poisoner's Handbook

   Spells                             Type                      Level
   a - Sting                          Conjuration/Poison           1
   b - Cure Poison                    Poison                       2
   c - Mephitic Cloud                 Conjuration/Poison/Air       3
   d - Olgreb's Toxic Radiance        Poison                       4
   e - Venom Bolt                     Conjuration/Poison           5
Comestibles
 b - 6 bread rations
 q - 2 meat rations
 t - a royal jelly
 v - 3 chunks of flesh


   Skills:
 - Level 2.0 Dodging
 - Level 2.6 Stealth
 + Level 3.3 Spellcasting
 + Level 3.0 Conjurations
 * Level 7.6 Poison Magic


You had one spell level left.
You knew the following spells:

 Your Spells              Type           Power        Failure   Level  Hunger
a - Sting                 Conj/Pois      ###.         1%          1    None
b - Cure Poison           Pois           ####......   1%          2    ##.....
c - Mephitic Cloud        Conj/Pois/Air  ###.....     12%         3    ###....
d - Olgreb's Toxic Radia  Pois           ####....     10%         4    ####...


Dungeon Overview and Level Annotations

Branches:
Dungeon (5/15)
 Temple: D:4-7

Altars:


Innate Abilities, Weirdness & Mutations

You cannot wear most types of armour.
You are amphibious.
You can wear up to eight rings at the same time.
You can use your tentacles to constrict eight enemies at once.
Your skin changes colour to match your surroundings (Stealth).
Your rubbery body absorbs attacks (AC +1).


Message History

The sky beast is lightly wounded.
The sky beast barely misses you.
You closely miss the sky beast.
The sky beast is lightly wounded.
The sky beast hits you. The sky beast shocks you.
* * * LOW HITPOINT WARNING * * *
You hit the sky beast.
The sky beast is moderately wounded.
The sky beast hits you.
* * * LOW HITPOINT WARNING * * *
The sky beast shocks you.
* * * LOW HITPOINT WARNING * * *
Drink which item? (? for menu, Esc to quit)
It was a potion of haste.
You feel yourself speed up.
You are very lightly contaminated with residual magic.
The sky beast flickers out of sight!
Deactivating autopickup; reactivate with Ctrl-A.
There is a stone staircase leading up here.
Something hits you.
You die...

.. [. . .#
#. .#
.#####.#
......#
#..#..#
#@.#..#
##.#..#
#.....#
#..#.##
#........
#......#.#
............
###.######
### #.


There were no monsters in sight!

Vanquished Creatures
  2 orc priests
  2 hounds (D:4)
  An orc wizard (D:4)
  7 gnolls
  5 adders
  3 oozes
  4 worms
  4 giant geckos
  4 orcs
  9 bats
  3 giant cockroaches
  6 goblins
  12 hobgoblins
  2 ball pythons (D:4)
  A ball python skeleton (D:4)
  5 giant newts
  7 kobolds
  8 rats
85 creatures vanquished.

Notes
Turn   | Place    | Note
--------------------------------------------------------------
     0 | D:1      | Oddball22 the Octopode Venom Mage began the quest for the Orb.
     0 | D:1      | Reached XP level 1. HP: 11/11 MP: 3/3
   210 | D:1      | Reached skill level 5 in Poison Magic
   409 | D:1      | Reached XP level 2. HP: 15/17 MP: 0/5
   458 | D:1      | Learned a level 2 spell: Cure Poison
  1058 | D:1      | Reached XP level 3. HP: 21/21 MP: 3/6
  1412 | D:2      | Reached skill level 1 in Conjurations
  1441 | D:2      | Learned a level 3 spell: Mephitic Cloud
  2311 | D:3      | Reached XP level 4. HP: 27/27 MP: 8/8
  2448 | D:3      | Reached skill level 6 in Poison Magic
  2738 | D:3      | Reached XP level 5. HP: 10/31 MP: 5/9
  3378 | D:4      | Learned a level 4 spell: Olgreb's Toxic Radiance
  3625 | D:4      | Reached skill level 7 in Poison Magic
  3625 | D:4      | Reached XP level 6. HP: 18/36 MP: 5/10
  4609 | D:5      | Entered Level 5 of the Dungeon
  4610 | D:5      | Noticed a sky beast
  4617 | D:5      | HP: 1/36 [sky beast (5)]
  4622 | D:5      | Slain by a sky beast

Vault maps used:
D:1:      dpeg_arrival_ratfight, st_stairs_12
D:2:      first_bread, minmay_goblin_kobold_house
D:3:      portal_sewer_entry_d
D:5:      kennysheep_six_static_rooms, lemuel_crystal_altar,
          minmay_misc_feat_diagonals

Skill      XL: |  1  2  3  4  5  6 |
---------------+-------------------+-----
Poison Magic   | 5 6 7 |  7.6
Conjurations   | 1 2 3 |  3.0
Spellcasting   | 3 |  3.3
Dodging        | |  2.0
Stealth        | |  2.6

Action                   |  1- 3 |  4- 6 || total
-------------------------+-------+-------++-------
Melee: Unarmed           |    18 |       ||    18
       Spear             |    25 |     1 ||    26
       Dagger            |    10 |   100 ||   110
 Cast: Sting             |    37 |    38 ||    75
       Cure Poison       |       |     3 ||     3
       Mephitic Cloud    |       |     1 ||     1
  Use: Scroll            |     1 |       ||     1
       Potion            |       |     5 ||     5
 Stab: Sleeping          |     6 |    11 ||    17
  Eat: Chunk             |     4 |     8 ||    12
